 Dungeon Crawl Stone Soup version 0.32-a0-996-gb3226c233f (console) character file.

Game seed: 100629543269336713

5060 petzl the Thaumaturge (level 10, -3/68 (74) HPs)
             Began as a Formicid Delver on Apr 23, 2024.
             Was a Believer of Vehumet.
             Slain by a spriggan
             ... wielding the +7 captain's cutlass {speed, disarm}
              (12 damage)
             ... in a bailey.
             The game lasted 00:40:08 (9572 turns).

petzl the Thaumaturge (Formicid Delver)             Turns: 9572, Time: 00:40:08

HP:   -3/68 (74)    AC:  8    Str: 17    XL:     10   Next: 86%
MP:   20/23         EV: 15    Int: 14    God:    Vehumet [**....]
Gold: 219           SH:  0    Dex: 21    Spells: 24/27 levels left

rFire   . . .        b - +1 orcbow
rCold   . . .        (no shield)
rNeg    . . .        I - +0 steam dragon scales
rPois   .            (helmet unavailable)
rElec   .            (no cloak)
rCorr   .            (no gloves)
SInv    +            (no boots)
Will    ++...        (no amulet)
Stlth   ++++         q - ring of willpower
HPRegen 0.31/turn    C - +6 ring of dexterity
MPRegen 0.18/turn

%: no passive effects
@: drained
A: permanent stasis, dig shafts and tunnels, antennae 3, four strong arms,
iridescent scales 1, inability to read after injury 1
a: Dig, Renounce Religion


You were in a bailey.
You worshipped Vehumet.
Vehumet was pleased with you.
You visited 2 branches of the dungeon, and saw 10 of its levels.
You also visited: Bailey.

You collected 345 gold pieces.
You spent 126 gold pieces at shops.

Inventory:

Hand Weapons
 a - the +3 quarterstaff "Garuisoffi" {flame, rPois rN+}
   (You found it on level 5 of the Dungeon)

   rPois:     It protects you from poison.
   rN+:       It protects you from negative energy.
 b - a +1 orcbow (weapon)
 y - a +5 hand axe {!f =f}
 D - a +4 flail
 E - a +3 short sword of freezing
 F - a +5 war axe of freezing {!f =f}
 H - a +1 hand axe of venom {!f =f}
 J - the +8 short sword "Qesuch" {heavy, Int+2}
   (You found it on level 8 of the Dungeon)

   Int+2:     It affects your intelligence (+2).
Missiles
 r - 11 poisoned darts
Armour
 x - a +1 leather armour
 A - a scarf of shadows
 I - +0 steam dragon scales (worn)
Magical Staves
 e - a staff of conjuration
Jewellery
 q - a ring of willpower (left hand)
 C - a +6 ring of dexterity (right hand)
Wands
 f - a wand of digging (1)
 u - a wand of polymorph (3)
 B - a wand of flame (25)
Scrolls
 c - 3 scrolls of fog
 d - a scroll of revelation
 g - a scroll of immolation
 i - 2 scrolls of amnesia
 k - 2 scrolls of identify
 w - a scroll of enchant armour
 G - a scroll of silence
Potions
 h - a potion of brilliance {unknown}
 j - a potion of invisibility {unknown}
 l - a potion of lignification {unknown}
 m - a potion of enlightenment
 n - 3 potions of mutation
 o - 2 potions of curing
 p - a potion of haste {unknown}
 v - a potion of resistance {unknown}
 z - a potion of attraction {unknown}


   Skills:
 + Level 5.2 Fighting
 - Level 2.0(3.2) Maces & Flails
 + Level 4.0(4.2) Staves
 - Level 6.0 Ranged Weapons
 - Level 6.0 Armour
 - Level 6.0 Dodging
 - Level 6.0 Stealth
 + Level 9.1 Spellcasting
 * Level 1.5 Conjurations
 + Level 1.1 Ice Magic
 - Level 2.0 Evocations


You had 24 spell levels left.
You knew the following spells:

 Your Spells              Type           Power      Damage    Failure   Level
a - Freeze                Ice            36%        1d5       8%          1
i - Call Imp              Summ           12%        N/A       17%         2

Your spell library contained the following spells:

 Spells                   Type           Power      Damage    Failure   Level
 Sandblast                Erth           12%        2d6       12%         1
 Slow                     Hex            24%        N/A       12%         1
 Sublimation of Blood     Necr           6%         N/A       17%         2
 Confusing Touch          Hex            6%         N/A       34%         3
 Vampiric Draining        Necr           6%         2d6       34%         3
 Haunt                    Necr/Summ      3%         N/A       100%        7
 Summon Hydra             Summ           3%         N/A       100%        7
 Borgnjor's Revivificati  Necr           3%         N/A       100%        8
 Death's Door             Necr           3%         N/A       100%        9


Dungeon Overview and Level Annotations

Branches:
Dungeon (9/15)             Temple (1/1) D:7          Bailey (1/1)
   Lair: D:8-11         Orc: D:9-12

Altars:
Ashenzari
Cheibriados
Dithmenos
Fedhas
Gozag
Hepliaklqana
Kikubaaqudgha
Makhleb
Nemelex Xobeh
Okawaru
Ru
Sif Muna
Trog
Uskayaw
Vehumet
Wu Jian
Xom
Yredelemnul
Zin
The Shining One

Shops:
D:4 *

Annotations:
D:5 exclusions: downstairs, 2 gnolls, ogre and wyvern
D:6 exclusion: 2 downstairs, Eustachio
D:7 2 transporters


Innate Abilities, Weirdness & Mutations

You cannot be hasted, slowed, berserked, paralysed or teleported.
You can dig through walls and to a lower floor.
You have a pair of large antennae on your head. (SInv)
Your four strong arms can wield two-handed weapons with a shield.
You are partially covered in iridescent scales. (AC +2)
You occasionally lose the ability to read scrolls when taking damage.


Message History

Things that are here:
a +0 glaive; a +0 halberd Your cerulean imp hits the spriggan with a -4 spear.
The spriggan hits your cerulean imp with the +7 captain's cutlass!
The spriggan hits your cerulean imp with the +7 captain's cutlass.
The spriggan hits you from afar with a +0 spear!
Your cerulean imp barely misses the spriggan.
The spriggan hits your cerulean imp with the +7 captain's cutlass!
Your cerulean imp dies!
Your cerulean imp disappears in a puff of smoke!
Casting: Call Imp (safe; 17% risk of failure)
Confirm with . or Enter, or press ? or * to list all spells.
A tiny devil pulls itself out of the air.
The spriggan completely misses you. The spriggan misses your cerulean imp.
Your cerulean imp misses the spriggan.
The spriggan hits your cerulean imp with the +7 captain's cutlass!!
Your cerulean imp dies!
Your cerulean imp disappears in a puff of smoke!
You enter the shallow water.
Moving in this stuff is going to be slow.
The spriggan barely misses you. The spriggan attacks as it pursues you!
The spriggan hits you but does no damage.
The spriggan hits you from afar with a +0 spear.
* * * LOW HITPOINT WARNING * * *
The spriggan splashes around in the water.
Things that are here:
a +0 spear {!f =f}; a spriggan skeleton The spriggan attacks as it pursues you!
The spriggan splashes around in the water.
Casting: Call Imp (safe; 17% risk of failure)
Confirm with . or Enter, or press ? or * to list all spells.
A tiny devil pulls itself out of the air.
The spriggan barely misses you. The spriggan closely misses you.
The spriggan hits you with the +7 captain's cutlass!
* * * LOW HITPOINT WARNING * * *
Unknown command.
The spriggan attacks as it pursues you!
The spriggan hits you with the +7 captain's cutlass!
You die...

######### ###
##.......##
##.#
#.......).##
#.##
..#######.§##
##.## .♣#..
##..## ##...##
##..,, ##..##
#.@...# #.. {
#♣..###i....##
#.♣ {
#..~i)..∩...#
#.♣
#..~~).5....#
~i♣
#..~~~......#
♣O♣
#..~~)......#
#.♣
♣..~~)..∩...#
♣..
##..###.....##
##.. #♣..##
#.....# .♣#..
##..## ##...##
..##♣####..##
##.##
#.........##
###
##.......##
#########


You could see 2 spriggans and a friendly cerulean imp (summoned).

Vanquished Creatures
  2 spriggans (Bailey)
  2 steam dragons
  A water moccasin (D:5)
  2 sky beasts (D:6)
  An orc warrior (D:6)
  2 black bears
  4 ogres (Bailey)
  A phantom (D:7)
  5 centaurs
  Blork the orc (D:5)
  2 kobold brigands
  A bullfrog (D:6)
  A gnoll sergeant (D:7)
  A scorpion (D:6)
  12 wights
  2 hounds
  3 jellies
  9 orc priests
  3 iguanas
  A sleepcap (D:6)
  6 orc wizards
  12 gnolls
  7 adders
  A shadow imp (D:5)
  A white imp (D:7)
  3 dart slugs
  A ribbon worm (D:3)
  34 orcs
  9 ball pythons
  13 endoplasms
  3 giant cockroaches
  11 goblins
  6 hobgoblins
  5 jackals
  5 quokkas
  5 bats
  4 frilled lizards
  20 kobolds
  3 rats
205 creatures vanquished.

Vanquished Creatures (collateral kills)
  2 two-headed ogres (D:8)
  A goblin (D:8)
3 creatures vanquished.

Grand Total: 208 creatures vanquished

Notes
Turn   | Place    | Note
-------+----------+-------------------------------------------
     0 | D:5      | petzl the Formicid Delver began the quest for the Orb.
     0 | D:5      | Reached XP level 1. HP: 18/18 MP: 1/1
    28 | D:6      | Noticed a sky beast
    38 | D:5      | Noticed a wyvern
    59 | D:5      | Noticed an ogre
   154 | D:3      | Reached skill level 1 in Spellcasting
   154 | D:3      | Reached XP level 2. HP: 24/24 MP: 1/4
   177 | D:3      | Reached skill level 2 in Spellcasting
   223 | D:3      | Found a snail-covered altar of Cheibriados.
   381 | D:1      | Reached XP level 3. HP: 24/29 MP: 6/6
   658 | D:1      | Reached skill level 3 in Spellcasting
   812 | D:1      | Reached XP level 4. HP: 34/35 MP: 8/8
   991 | D:1      | Found a faded altar of an unknown god.
  2226 | D:3      | Reached skill level 4 in Spellcasting
  2560 | D:2      | Reached XP level 5. HP: 26/41 MP: 11/11
  3260 | D:4      | Found Cutenupni's Assorted Antiques.
  3268 | D:4      | Bought a scroll labelled BENLAW ICEXZIE for 21 gold pieces
  3268 | D:4      | Bought a scroll labelled HOSTRUAHAKH for 21 gold pieces
  3335 | D:4      | Reached skill level 5 in Spellcasting
  3457 | D:5      | Identified the +3 quarterstaff "Garuisoffi" {flame, rPois
                  | rN+}
  3654 | D:5      | Reached XP level 6. HP: 24/47 MP: 12/14
  3794 | D:4      | Gained mutation: You occasionally lose the ability to read
                  | scrolls when taking damage. [potion of mutation]
  3794 | D:4      | Gained mutation: You are partially covered in iridescent
                  | scales. (AC +2) [potion of mutation]
  3822 | D:4      | Reached skill level 6 in Spellcasting
  4105 | D:3      | Reached XP level 7. HP: 12/52 MP: 16/16
  4539 | D:3      | Reached skill level 1 in Ranged Weapons
  5043 | D:4      | Bought a tapered ivory wand for 84 gold pieces
  5429 | D:5      | Noticed a water moccasin
  5501 | D:5      | Reached XP level 8. HP: 58/58 MP: 18/18
  5519 | D:7      | Found a staircase to the Ecumenical Temple.
  5539 | Temple   | Entered the Ecumenical Temple
  5571 | Temple   | Became a worshipper of Vehumet
  5638 | D:7      | Found a transporter.
  5703 | D:6      | Reached skill level 1 in Staves
  5846 | D:7      | Noticed a kobold demonologist
  5846 | D:7      | Noticed a kobold demonologist
  5849 | D:7      | Found a transporter.
  6078 | D:7      | Reached skill level 1 in Armour
  6078 | D:7      | Reached skill level 1 in Evocations
  6311 | D:6      | Found a shimmering blue altar of Sif Muna.
  6321 | D:6      | Reached skill level 7 in Spellcasting
  6723 | D:6      | HP: 2/60 [centaur (2)]
  6725 | D:6      | You fall into a shaft and drop 1 floor!
  7005 | D:5      | Reached XP level 9. HP: 57/65 MP: 19/19
  7005 | D:5      | Reached * piety under Vehumet
  7005 | D:5      | Offered knowledge of Freeze by Vehumet.
  7182 | D:5      | Noticed Blork the orc
  7198 | D:5      | Killed Blork the orc
  7311 | D:5      | You fall into a shaft and drop 2 floors!
  7320 | D:7      | Reached skill level 5 in Ranged Weapons
  7607 | D:6      | Reached skill level 5 in Fighting
  7640 | D:6      | Learned a level 1 spell: Freeze
  7691 | D:6      | Noticed Eustachio
  8281 | D:7      | Reached skill level 8 in Spellcasting
  8303 | D:7      | Reached XP level 10. HP: 74/74 MP: 22/22
  8506 | D:7      | Reached ** piety under Vehumet
  8506 | D:7      | Offered knowledge of Sandblast by Vehumet.
  8910 | D:9      | Reached skill level 5 in Armour
  9076 | D:8      | Noticed a two-headed ogre
  9080 | D:8      | Identified the +8 short sword "Qesuch" {heavy, Int+2}
  9092 | D:8      | Found a sacrificial altar of Ru.
  9092 | D:8      | Found a blossoming altar of Fedhas.
  9152 | D:8      | Killed a two-headed ogre
  9153 | D:8      | Reached skill level 5 in Dodging
  9156 | D:8      | Noticed a two-headed ogre
  9187 | D:8      | Found a flagged portal.
  9207 | D:8      | Killed a two-headed ogre
  9208 | D:8      | Reached skill level 9 in Spellcasting
  9226 | Bailey   | Entered a bailey
  9279 | Bailey   | Reached skill level 1 in Conjurations
  9303 | Bailey   | Reached skill level 1 in Ice Magic
  9516 | Bailey   | Learned a level 2 spell: Call Imp
  9572 | Bailey   | Slain by a spriggan

Illustrated notes

Levels and vault maps discovered:
D:1:      lemuel_arrival_rhombus, layout_loops_ring,
          shapermc_ecumenical_altar_mp_ritualfount
D:2:      minmay_kobold_bridge, layout_loops_ring, serial_bayou,
          serial_bayou_shore_a, serial_bayou_crossing, serial_bayou_pond_d,
          serial_bayou_lagoon_a, serial_bayou_pond_c, hangedman_decor_push
D:3:      layout_loops_ring, kennysheep_slug_shrine, kennysheep_donut
D:4:      layout_basic, serial_shops, nicolae_shop_pleasant_corner_grove,
          corexii_hall_statues_s
D:5:      layout_cave_pools, okawaru_ov_weapons_minmay, uniq_blork_the_orc
D:6:      layout_loops_ring, nicolae_sif_muna_condensation, uniq_eustachio
D:7:      gammafunk_wand_slinger, layout_cave_pools,
          minmay_temple_entry_statues_fountains, hangedman_decor_diamond_cutter
D:8:      layout_basic, gammafunk_temple_overflow_wave,
          mainiacjoe_overflow_cross_hatched, enter_bailey_5
D:9:      layout_loops_ring, erik_orc_1, roderic_roman_lattice
Temple:   regret_index_temple_waves
Bailey:   bailey_polearm_enchanted_keep_hellmonk, bailey

Skill      XL: |  1  2  3  4  5  6  7  8  9 10 |
---------------+-------------------------------+-----
Spellcasting   | 1 2 3 4 5 6 7 8 9 |  9.1
Ranged Weapons | 4 5 6 |  6.0
Staves         | 3 4 |  4.0
Dodging        | 2 4 6 |  6.0
Armour         | 2 4 6 |  6.0
Evocations     | 2 |  2.0
Fighting       | 4 5 |  5.2
Conjurations   | 1 |  1.5
Ice Magic      | 1 |  1.1
Maces & Flails | |  2.0
Stealth        | |  6.0

Action                     |  1- 3 |  4- 6 |  7- 9 | 10-12 || total
---------------------------+-------+-------+-------+-------++-------
  Melee: Hand axe          |    68 |   145 |       |       ||   213
         Quarterstaff      |       |    35 |   157 |    36 ||   228
   Fire: Orcbow            |       |       |   190 |    79 ||   269
  Throw: Dart              |       |     8 |    11 |       ||    19
   Cast: Call Imp          |       |       |       |     6 ||     6
Ability: Dig               |       |     1 |     1 |     1 ||     3
         Shaft Self        |       |       |     2 |       ||     2
  Evoke: Wand              |     2 |       |     1 |       ||     3
    Use: Scroll            |       |     7 |     4 |     3 ||    14
         Potion            |       |     3 |     1 |     2 ||     6
   Stab: Sleeping          |    10 |     6 |       |       ||    16
 Armour: Leather armour    |    32 |   150 |   137 |    22 ||   341
         Steam dragon scal |       |       |       |    23 ||    23
  Dodge: Dodged            |    38 |   134 |   128 |    50 ||   350

Table legend: (Time is in decaauts)
 A = Elapsed time spent in this place.
 B = Non-inter-level travel time spent in this place.
 C = Inter-level travel time spent in this place.
 D = Time resting spent in this place.
 E = Time spent auto-exploring this place.
 F = Levels seen in this place.
 G = Mean time per level.
                   A        B        C        D        E       F      G
               +--------+--------+--------+--------+--------+-----+--------+
         Total |   9771 |   9349 |    422 |   2534 |   3472 |  11 |  888.3 |
       Dungeon |   9341 |   8986 |    355 |   2350 |   3472 |   9 | 1037.9 |
        Temple |     68 |      2 |     66 |      0 |      0 |   1 |   68.0 |
        Bailey |    360 |    360 |      0 |    184 |      0 |   1 |  360.0 |
               +--------+--------+--------+--------+--------+-----+--------+

Top non-repeatable levels by time:
     D:6: 1855 daAuts
     D:4: 1462 daAuts
     D:2: 1289 daAuts
     D:3: 1236 daAuts
     D:7: 1108 daAuts
     D:5: 1030 daAuts
     D:1: 950 daAuts
  Bailey: 360 daAuts
     D:8: 214 daAuts
     D:9: 193 daAuts
  Temple: 68 daAuts
